 Dungeon Crawl Stone Soup version 0.29.1-12-g30fa7ad0bf (webtiles) character file.

Game seed: 12805854527216459668

10343 retardedninja the Severer (level 11, -24/99 HPs)
             Began as a Hill Orc Fighter on Dec 16, 2022.
             Was an Initiate of Gozag.
             Annihilated by a titanic slime creature (87 damage)
             ... on level 10 of the Dungeon.
             The game lasted 00:17:03 (15232 turns).

retardedninja the Severer (Hill Orc Fighter)       Turns: 15232, Time: 00:17:04

Health: -24/99     AC: 27    Str: 24    XL:     11   Next: 60%
Magic:  11/11      EV:  8    Int:  8    God:    Gozag
Gold:   1330       SH:  0    Dex: 10    Spells: 10/10 levels left

rFire   . . .      SeeInvis +   n - +5 battleaxe
rCold   . . .      Faith    .   (shield currently unavailable)
rNeg    . . .      Spirit   .   i - +2 plate armour
rPois   .          Reflect  .   b - +2 helmet
rElec   .          Harm     .   q - +2 cloak of Cheibriados's Hatred {+Blink}
rCorr   .          Rampage  .   (no gloves)
Will    .....                   (no boots)
Stlth   ..........              (no amulet)
HPRegen 0.26/turn               l - +4 ring of protection
MPRegen 0.12/turn               o - ring of see invisible

@: no status effects
A: no striking features
a: Renounce Religion, Evoke Blink, Potion Petition, Call Merchant, Bribe Branch


You were on level 10 of the Dungeon.
You worshipped Gozag.
Gozag was most pleased with you.
You visited 2 branches of the dungeon, and saw 11 of its levels.

You collected 2581 gold pieces.
You paid 1251 gold pieces to Gozag.

Inventory:

Hand Weapons
 n - a +5 battleaxe (weapon)
Armour
 b - a +2 helmet (worn)
 i - a +2 plate armour (worn)
 q - the +2 cloak of Cheibriados's Hatred (worn) {+Blink}
   (You acquired it on level 5 of the Dungeon)

   +Blink:    It lets you blink.
Jewellery
 l - a +4 ring of protection (left hand)
 o - a ring of see invisible (right hand)
 v - the ring "Feubosui" {rCorr Int+5}
   (You found it on level 7 of the Dungeon)

   [ring of resist corrosion]

   Int:       It affects your intelligence (+5).
   rCorr:     It protects you from acid and corrosion.
Wands
 m - a wand of flame (31)
 p - a wand of charming (11)
 r - a wand of mindburst (6)
 w - a wand of roots (24)
Scrolls
 d - 9 scrolls of teleportation
 e - 3 scrolls of identify
 f - a scroll of summoning
 g - 2 scrolls of vulnerability
 h - 3 scrolls of butterflies
 k - 3 scrolls of fear
 s - 2 scrolls of amnesia
 x - 2 scrolls of silence
Potions
 j - 4 potions of flight
 u - a potion of mutation
Miscellaneous
 y - a phantom mirror


   Skills:
 + Level 10.0 Fighting
 + Level 15.5 Axes
 + Level 10.7 Armour
 - Level 1.6 Dodging
 - Level 2.6 Stealth
 - Level 5.6 Shields
 + Level 0.3 Evocations


You had 10 spell levels left.
You didn't know any spells.
Your spell library contained the following spells:

 Spells                   Type           Power      Damage    Failure   Level
 Magic Dart               Conj           0%         1d3       99%         1
 Sting                    Tmut/Pois      0%         1d3       99%         1
 Call Imp                 Summ           0%         N/A       100%        2
 Ensorcelled Hibernation  Hex/Ice        0%         N/A       100%        2
 Passwall                 Tmut/Erth      0%         N/A       100%        2
 Poisonous Vapours        Pois/Air       0%         N/A       100%        2
 Conjure Flame            Conj/Fire      0%         6-21      100%        3
 Ignite Poison            Fire/Tmut/Pois 0%         N/A       100%        3
 Mephitic Cloud           Conj/Pois/Air  0%         N/A       100%        3
 Swiftness                Air            0%         N/A       100%        3
 Animate Armour           Summ/Erth      0%         N/A       100%        4
 Olgreb's Toxic Radiance  Pois           0%         N/A       100%        4
 Sticky Flame             Conj/Fire      0%         2d3       100%        4
 Blade Hands              Tmut           0%         N/A       100%        5
 Iron Shot                Conj/Erth      0%         9d1       100%        6


Dungeon Overview and Level Annotations

Branches:
Dungeon (10/15)            Temple (1/1) D:6            Lair (0/5) D:10
    Orc: D:9-12

Altars:
Cheibriados
Dithmenos
Elyvilon
Fedhas
Gozag
Makhleb
Nemelex Xobeh
Qazlal
Uskayaw
Vehumet
Wu Jian
The Shining One

Annotations:
D:7 3 runed translucent doors, Cheops's ghost, novice MiFi


Message History

A slime creature comes into view.
The slime creature quivers. 2 slime creatures come into view.
The slime creature quivers.
A slime creature comes into view.
The slime creature moves out of view.
The slime creature hits you!
Two slime creatures merge to form a large slime creature.
You slice the slime creature!!
The slime creature is moderately wounded.
Two slime creatures merge to form a very large slime creature.
The slime creature hits you!
Two slime creatures merge to form a large slime creature.
You slash the large slime creature!
The large slime creature is moderately wounded.
You slice the large slime creature!!
The large slime creature is heavily wounded.
The large slime creature hits you but does no damage.
You slash the large slime creature!
The large slime creature is heavily wounded.
Two slime creatures merge to form a titanic slime creature.
You slash the titanic slime creature!
The titanic slime creature is moderately wounded.
The titanic slime creature hits you!
You slash the titanic slime creature!
The titanic slime creature is moderately wounded.
The titanic slime creature closely misses you.
You slice the titanic slime creature!!
The titanic slime creature is moderately wounded.
The titanic slime creature closely misses you.
A kobold comes into view. It is wielding a +0 club.
The kobold shouts!
You hit the titanic slime creature.
The titanic slime creature is moderately wounded.
You hear a shout!
A kobold comes into view. It is wielding a +0 whip.
The titanic slime creature hits you!!!!
Ouch! That really hurt!
You die...
Your body crumbles into a pile of gold. ......>.#### K.K

............ #..
......#..P.. #..
......P..... #.#
#........... #.#
#.........♣♣ #.#
#...P♣...... #J#
+....P....P.
#@#####.....♣.P♣..
#.....>.......P>.P
#.......P....P....
#..........P..P...
#..........P......
#.............P♣P.
#.#+#'#.##..P.....
#.#...#.#..P......
#.#...#.#....♣..P.


You could see a titanic slime creature and 2 kobolds.

Vanquished Creatures
  A smoke demon (D:10)
  Prince Ribbit (D:6)
  Sigmund (D:5)
  2 shadows
  4 wyverns
  20 yaks
  A basilisk (D:10)
  3 steam dragons
  2 acid dragons
  5 water moccasins
  2 swamp worms (D:9)
  2 orc warriors (D:9)
  3 black bears
  3 ice beasts
  2 sky beasts (D:8)
  2 ogres
  3 wolves (D:9)
  5 centaurs
  A phantom (D:4)
  4 kobold brigands
  A bullfrog (D:7)
  4 scorpions
  A gnoll sergeant (D:7)
  A necrophage (D:4)
  8 wights
  13 killer bees
  4 howler monkeys
  A jelly (D:8)
  6 hounds
  3 orc priests
  Natasha (D:2)
  2 iguanas
  3 orc wizards
  Robin (D:1)
  8 gnolls
  3 river rats (D:6)
  3 adders
  A shadow imp (D:7)
  A white imp (D:4)
  2 ufetubi
  2 worms
  A dart slug (D:4)
  24 orcs
  4 ball pythons
  4 endoplasms
  4 giant cockroaches
  20 goblins
  9 hobgoblins
  4 jackals (D:1)
  26 kobolds
  9 quokkas
  3 bats
  2 frilled lizards
  13 rats
259 creatures vanquished.

Vanquished Creatures (collateral kills)
  An ogre (D:3)
1 creature vanquished.

Vanquished Creatures (others)
  2 fungi (D:10)
  13 plants
15 creatures vanquished.

Grand Total: 275 creatures vanquished

Notes
Turn   | Place    | Note
-------+----------+-------------------------------------------
     0 | D:1      | retardedninja the Hill Orc Fighter began the quest for the
                  | Orb.
     0 | D:1      | Reached XP level 1. HP: 19/19 MP: 1/1
   175 | D:1      | Reached XP level 2. HP: 24/27 MP: 2/2
   239 | D:1      | Reached skill level 3 in Axes
   521 | D:1      | Reached XP level 3. HP: 29/33 MP: 3/3
   941 | D:2      | Reached skill level 4 in Axes
   941 | D:2      | Reached skill level 1 in Dodging
   941 | D:2      | Reached XP level 4. HP: 12/40 MP: 4/4
  1270 | D:2      | Found a sparkling altar of Nemelex Xobeh.
  1458 | D:2      | Noticed Robin
  1491 | D:1      | Killed Robin
  1492 | D:1      | Reached XP level 5. HP: 15/46 MP: 5/5
  2077 | D:2      | Noticed Natasha
  2088 | D:2      | Killed Natasha
  2863 | D:3      | Found a faded altar of an unknown god.
  3277 | D:4      | Reached skill level 5 in Axes
  3282 | D:4      | Reached XP level 6. HP: 21/53 MP: 6/6
  4223 | D:4      | Reached skill level 5 in Fighting
  4223 | D:4      | Reached skill level 6 in Axes
  4261 | D:4      | Reached XP level 7. HP: 32/61 MP: 7/7
  4621 | D:4      | Found a blossoming altar of Fedhas.
  4708 | D:4      | Reached skill level 7 in Axes
  4708 | D:4      | Reached skill level 5 in Armour
  5015 | D:5      | Entered Level 5 of the Dungeon
  5056 | D:5      | Identified the +9 sling of the Girdle {speed, rF+}
  5089 | D:5      | Reached skill level 1 in Stealth
  5125 | D:5      | Identified 2 scrolls of acquirement
  5125 | D:5      | Acquired 1086 gold pieces
  5266 | D:5      | Acquired the +2 cloak of Cheibriados's Hatred {+Blink}
  5615 | D:5      | Noticed Sigmund
  5625 | D:5      | Killed Sigmund
  5626 | D:5      | Reached skill level 8 in Axes
  5626 | D:5      | Reached XP level 8. HP: 59/69 MP: 8/8
  5817 | D:5      | Identified the +6 long sword of Lolacotypp {drain, Dex+5}
  6023 | D:5      | Reached skill level 9 in Axes
  6290 | D:6      | Noticed Prince Ribbit
  6308 | D:6      | Killed Prince Ribbit
  6401 | D:6      | Found a hide-covered altar of Uskayaw.
  6417 | D:6      | Reached skill level 10 in Axes
  6454 | D:6      | Found a shadowy altar of Dithmenos.
  6497 | D:6      | Reached XP level 9. HP: 59/78 MP: 9/9
  6717 | D:6      | Found a staircase to the Ecumenical Temple.
  7136 | D:6      | Reached skill level 11 in Axes
  7416 | Temple   | Entered the Ecumenical Temple
  7422 | Temple   | Became a worshipper of Gozag Ym Sagoz the Greedy
  7841 | D:7      | Identified the ring "Feubosui" {rCorr Int+5}
  8555 | D:7      | Found a glowing golden altar of the Shining One.
  8555 | D:7      | Found a radiant altar of Vehumet.
  8706 | D:7      | Noticed Cheops's ghost (novice MiFi)
  8708 | D:7      | Noticed a kobold demonologist
  8714 | D:7      | Found a runed translucent gate.
  8714 | D:7      | Found a runed translucent gate.
  8714 | D:7      | Noticed a cyclops
  8715 | D:7      | Found a runed translucent gate.
  9077 | D:8      | Reached skill level 12 in Axes
  9427 | D:8      | Reached XP level 10. HP: 54/88 MP: 10/10
  9666 | D:8      | Reached skill level 5 in Shields
 10355 | D:9      | Reached skill level 13 in Axes
 11504 | D:9      | Found a sparkling altar of Nemelex Xobeh.
 12443 | D:9      | Identified the +1 leather armour of Pantheism {Harm rC-
                  | rN+++ Str+4}
 12482 | D:10     | Entered Level 10 of the Dungeon
 12500 | D:10     | Found a staircase to the Lair.
 12513 | D:10     | HP: 3/91 [wyvern (6)]
 12515 | D:10     | HP: 1/91 [wolf (2)]
 12531 | D:9      | Reached XP level 11. HP: 20/97 MP: 11/11
 13036 | D:9      | Reached skill level 14 in Axes
 13037 | D:9      | Reached skill level 10 in Armour
 13981 | D:10     | Reached skill level 15 in Axes
 14733 | D:10     | Reached skill level 10 in Fighting
 14898 | D:10     | Found a burning altar of Makhleb.
 15232 | D:10     | Annihilated by a titanic slime creature

Illustrated notes

Levels and vault maps discovered:
D:1:      enne_arrival_octagon_isle, layout_loops_cross
D:2:      layout_basic, basic_altar, uniq_natasha, uniq_robin
D:3:      layout_loops_cross, shapermc_ecumenical_altar_mp_vishouse,
          serial_rivers, chequers_serial_rivers_micro_c,
          chequers_serial_rivers_large_b, chequers_serial_rivers_micro_e,
          chequers_serial_rivers_micro_b
D:4:      layout_basic, fedhas_altar_2
D:5:      layout_gridville, uniq_sigmund
D:6:      layout_loops_ring, chequers_temple_overflow_statue_of_worship,
          minmay_temple_entry_glass, portal_sewer_entry_e, uniq_prince_ribbit1
D:7:      layout_cave_pods, gammafunk_temple_overflow_statue,
          gammafunk_ghost_split, minmay_checkerbox
D:8:      layout_loops_ring
D:9:      layout_cave_pools, nicolae_overflow_hidden_temple, worms_lemuel
D:10:     layout_irregular_city, demons_altar, minmay_lair_entry_grove
Temple:   hellmonk_temple_of_storms

Skill      XL: |  1  2  3  4  5  6  7  8  9 10 11 |
---------------+----------------------------------+-----
Axes           | 3 4 5 6 8 10 12 13 15 | 15.5
Fighting       | 4 5 6 8 9 10 | 10.0
Dodging        | 1 |  1.6
Armour         | 4 5 6 7 9 10 | 10.7
Shields        | 4 5 |  5.6
Stealth        | 1 2 |  2.6
Evocations     | |  0.3

Action                   |  1- 3 |  4- 6 |  7- 9 | 10-12 || total
-------------------------+-------+-------+-------+-------++-------
Melee: War axe           |    85 |   152 |   332 |   126 ||   695
       Battleaxe         |       |       |       |   130 ||   130
Invok: Potion Petition   |       |       |     1 |     2 ||     3
 Abil: Evoke Blink       |       |       |     1 |     1 ||     2
  Use: Potion            |     1 |     3 |     3 |     5 ||    12
       Scroll            |       |     1 |    14 |     2 ||    17
 Stab: Invisible         |       |     6 |     9 |       ||    15
       Distracted        |       |       |       |     2 ||     2
Armor: Scale mail        |    67 |    34 |       |       ||   101
       Plate armour      |       |    71 |   245 |   362 ||   678
       Skin              |       |     2 |       |       ||     2
Dodge: Dodged            |    50 |    62 |   115 |   160 ||   387
Block: Buckler           |    32 |    27 |    64 |    32 ||   155
